 Dungeon Crawl Stone Soup version 0.29-a0-275-g389c0b56f3 (webtiles) character file.

Game seed: 10127860560736591303

1068 Ijustatesigmund the Cleaver (level 8, -2/106 HPs)
             Began as a Minotaur Fighter on Mar 11, 2022.
             Slain by a gnoll
             ... wielding a +4 spear
              (5 damage)
             ... on level 4 of the Dungeon.
             The game lasted 00:07:00 (4995 turns).

Ijustatesigmund the Cleaver (Minotaur Fighter)      Turns: 4995, Time: 00:07:00

Health: -2/106     AC: 24    Str: 23    XL:     8   Next: 7%
Magic:  7/7        EV:  2    Int:  5    God:
Gold:   196        SH:  5    Dex: 10    Spells: 7/7 levels left

rFire   . . .      SeeInvis .   a - +2 war axe
rCold   . . .      Faith    .   c - +1 buckler
rNeg    . . .      Spirit   .   (body armour currently unavailable)
rPois   +          Reflect  .   (helmet currently unavailable)
rElec   .          Harm     .   (cloak currently unavailable)
rCorr   .          Rampage  .   (gloves currently unavailable)
Will    .....      NoTele   +   (boots currently unavailable)
Stlth   +.........              (no amulet)
HPRegen 0.27/turn               (no ring)
MPRegen 0.10/turn               (no ring)

@: lethally poisoned (-2 -> -3), tree-form, studying Dodging
A: stationary, stasis, torment immunity, boosted hp, (horns 2), (retaliatory
headbutt)
a: no special abilities


You were on level 4 of the Dungeon.
You were a tree.
You visited 1 branch of the dungeon, and saw 4 of its levels.

You collected 196 gold pieces.

Inventory:

Hand Weapons
 a - a +2 war axe (weapon)
Armour
 b - a +0 scale mail (melded)
 c - a +1 buckler (worn)
Jewellery
 l - a ring of positive energy
 m - a ring of positive energy
Wands
 i - a wand of flame (3)
Scrolls
 g - a scroll of blinking


   Skills:
 + Level 6.7 Fighting
 * Level 8.0 Axes
 - Level 4.3 Armour
 + Level 4.8 Dodging
 - Level 4.3 Shields


You had 7 spell levels left.
You didn't know any spells.
Your spell library contained the following spells:

 Spells                   Type           Power      Damage    Failure   Level
 Beastly Appendage        Tmut           0%         N/A       56%         1
 Shock                    Conj/Air       0%         1d3       56%         1
 Wereblood                Tmut           0%         N/A       71%         2
 Spider Form              Tmut/Pois      0%         N/A       90%         3
 Swiftness                Air            0%         N/A       90%         3
 Airstrike                Air            0%         N/A       100%        4


Dungeon Overview and Level Annotations

Branches:
Dungeon (4/15)
 Temple: D:4-7

Altars:
Nemelex Xobeh
Trog

Annotations:
D:4 3 runed translucent doors, iamserjio's ghost, weakling OpTm


Innate Abilities, Weirdness & Mutations

You are a tree.
Your roots penetrate the ground, keeping you stationary.
You cannot be teleported.
You are immune to unholy pain and torment.
Your maximum health is greatly increased.
Your equipment is partially melded.
((You have a pair of horns on your head.))
((You reflexively headbutt those who attack you in melee.))


Message History

An orc wizard appears from thin air!
Reactivating autopickup.
It was a potion of flight.
You feel very buoyant.
You fly up into the air.
Really quaff the potion of lignification? [Y]es or [N]o only, please.
Really quaff the potion of lignification? [Y]es or [N]o only, please.
Really quaff the potion of lignification?
You turn into a tree.
Your +0 scale mail melds into your body.
Your roots penetrate the ground.
The orc hits you but does no damage.
You are poisoned.
You barely miss the orc.
* * * LOW HITPOINT WARNING * * *
You feel sick. You block the orc's attack.
You slash the orc!
You kill the orc!
* * * LOW HITPOINT WARNING * * *
You feel sick.
An orc wizard appears from thin air!
The orc wizard mumbles some strange words.
The orc wizard flickers and vanishes!
Deactivating autopickup; reactivate with Ctrl-A.
You slash the orc wizard!
You kill the orc wizard!
You feel sick.
Your Axes skill increases to level 8!
You aren't carrying any potions.
You cannot blink because you are held in place by your roots.
You cannot move.
Unknown command.
As you read the scroll labelled BAANOI FAUF, it crumbles to dust.
It is a scroll of enchant armour.
Your +0 buckler glows green for a moment.
You feel sick. The gnoll hits you but does no damage.
You feel sick. You block the gnoll's attack.
You feel sick.
The gnoll hits you from afar with a +4 spear.
You die...

#################################
...P..........................†..
...........P.................†.†.
.≈≈≈≈≈≈≈≈≈≈≈≈≈≈≈≈≈≈≈≈≈≈≈≈≈≈≈≈†≈≈≈
.≈≈≈≈≈≈≈≈≈≈≈≈≈≈≈≈≈≈≈≈≈≈≈≈≈≈≈≈≈≈≈≈
.≈≈#####≈≈≈≈≈≈≈≈≈≈≈≈≈≈≈≈≈≈≈≈≈≈≈≈≈
.≈≈#...#.........................
.≈≈#...##########################
.≈≈###'#....'{g)♣# ).
.≈≈≈.#.#....######## .≈≈≈.#
#......g....#.. .≈≈≈.#
##''#.).{.....≈
.≈≈≈.#.....#.........≈
.≈≈≈.#.....#.......#..
.≈≈≈.#.#####'##################'#
.≈≈≈.#. #.......'....'..)....#
.≈≈≈.#.g #.^.....#)..)#.......#


You could see a gnoll.

Vanquished Creatures
  Sigmund (D:3)
  A sky beast (D:4)
  A gnoll sergeant (D:4)
  A bullfrog (D:4)
  A necrophage (D:4)
  3 howler monkeys (D:4)
  An orc priest (D:4)
  A hound (D:4)
  A gnoll shaman (D:4)
  Ijyb (D:3)
  4 orc wizards
  12 gnolls
  4 adders
  2 worms (D:2)
  4 dart slugs
  21 orcs
  3 bats
  5 endoplasms
  9 giant cockroaches
  5 goblins
  6 hobgoblins
  14 jackals
  8 quokkas
  4 ball pythons
  5 frilled lizards
  11 kobolds
  6 rats
135 creatures vanquished.

Vanquished Creatures (others)
  3 plants (D:4)
3 creatures vanquished.

Grand Total: 138 creatures vanquished

Notes
Turn   | Place    | Note
-------+----------+-------------------------------------------
     0 | D:1      | Ijustatesigmund the Minotaur Fighter began the quest for
                  | the Orb.
     0 | D:1      | Reached XP level 1. HP: 19/19 MP: 0/0
   136 | D:1      | Reached XP level 2. HP: 24/27 MP: 1/1
   591 | D:1      | Reached skill level 3 in Axes
   900 | D:2      | Reached XP level 3. HP: 33/33 MP: 2/2
  1357 | D:2      | Reached XP level 4. HP: 31/41 MP: 3/3
  2047 | D:2      | Identified the +1 robe of the Armadillo {rC+++}
  2309 | D:3      | Reached skill level 1 in Dodging
  2311 | D:3      | Reached skill level 4 in Axes
  2362 | D:3      | Noticed Sigmund
  2437 | D:3      | Killed Sigmund
  2438 | D:3      | Reached skill level 5 in Fighting
  2438 | D:3      | Reached skill level 5 in Axes
  2438 | D:3      | Reached XP level 5. HP: 7/48 MP: 4/4
  2438 | D:3      | Reached XP level 6. HP: 8/56 MP: 5/5
  2834 | D:3      | You fall into a shaft and drop 1 floor!
  2846 | D:4      | Found a sparkling altar of Nemelex Xobeh.
  3008 | D:3      | Noticed Ijyb
  3016 | D:3      | Killed Ijyb
  3072 | D:3      | Found a faded altar of an unknown god.
  3111 | D:3      | Found a bloodstained altar of Trog.
  3408 | D:4      | Found a runed translucent gate.
  3408 | D:4      | Found a runed translucent gate.
  3408 | D:4      | Found a runed translucent gate.
  3412 | D:4      | Noticed iamserjio's ghost (weakling OpTm)
  3438 | D:4      | Reached skill level 6 in Axes
  3545 | D:4      | Noticed a sky beast
  3550 | D:4      | Killed a sky beast
  3551 | D:4      | Reached XP level 7. HP: 62/62 MP: 6/6
  3773 | D:4      | Reached skill level 7 in Axes
  4268 | D:4      | Identified a scroll of acquirement
  4268 | D:4      | Acquired a manual of Dodging
  4847 | D:4      | Reached XP level 8. HP: 53/71 MP: 7/7
  4992 | D:4      | HP: 5/106 [poisoned by an orc]
  4993 | D:4      | Reached skill level 8 in Axes
  4995 | D:4      | Slain by a gnoll

Illustrated notes

Levels and vault maps discovered:
D:1:      matt_arrival_los_fun, layout_loops_cross
D:2:      layout_loops_ring, kennysheep_donut, kennysheep_potato
D:3:      layout_basic, trog_book, hellmonk_ecumenical_altar_lost_god,
          uniq_sigmund, uniq_ijyb
D:4:      lemuel_castle_with_subvaults [lemuel_castle_interior_carwin_3],
          layout_rooms, mainiacjoe_overflow_boulevard, gammafunk_ghost_split

Skill      XL: |  1  2  3  4  5  6  7  8 |
---------------+-------------------------+-----
Fighting       | 4 5 6 |  6.7
Shields        | 4 |  4.3
Armour         | 4 |  4.3
Axes           | 3 5 6 7 8 |  8.0
Dodging        | 2 3 4 |  4.8

Action                   |  1- 3 |  4- 6 |  7- 9 || total
-------------------------+-------+-------+-------++-------
Melee: War axe           |    74 |    92 |   123 ||   289
       Headbutt          |     7 |    16 |    20 ||    43
Evoke: Wand              |       |       |     1 ||     1
  Use: Scroll            |     4 |     5 |     5 ||    14
       Potion            |       |     4 |     5 ||     9
Armor: Scale mail        |    33 |    29 |    61 ||   123
       Skin              |       |    18 |    10 ||    28
Dodge: Dodged            |    39 |    47 |    59 ||   145
Block: Buckler           |    21 |    16 |    39 ||    76

Table legend: (Time is in decaauts)
 A = Elapsed time spent in this place.
 B = Non-inter-level travel time spent in this place.
 C = Inter-level travel time spent in this place.
 D = Time resting spent in this place.
 E = Time spent auto-exploring this place.
 F = Levels seen in this place.
 G = Mean time per level.
                   A        B        C        D        E       F      G
               +--------+--------+--------+--------+--------+-----+--------+
         Total |   5062 |   4989 |     73 |   1419 |   2744 |   4 | 1265.5 |
       Dungeon |   5062 |   4989 |     73 |   1419 |   2744 |   4 | 1265.5 |
               +--------+--------+--------+--------+--------+-----+--------+

Top non-repeatable levels by time:
     D:3: 1547 daAuts
     D:2: 1530 daAuts
     D:4: 1189 daAuts
     D:1: 795 daAuts
